Map: [ESL] Data-C

Players

PtitDrogo - Winner!

  • Race: Protoss Protoss
  • Spawn Location: 3:00

Scarlett

  • Race: Zerg Zerg
  • Spawn Location: 9:00

Event: DreamHack SC2 Masters 2022 Valencia

VOD

Have the link to the VOD?

Description

Time

  • Played on: July 1, 2022, 1:42 p.m.
  • Length: 10:51

All games in this series

Show
View Real Time Build Order
Export as new Build Order

PtitDrogo Protoss - Winner!

Build Orders: 1 Gate Expand, Oracle Opening, Archon Immortal 

Get SALT Encoding   

  12  0:00  Probe  
  13  0:12  Probe  
  14  0:19  Pylon  
  14  0:24  Probe  
  15  0:37  Probe (Chrono Boost)  
  15  0:40  Gateway  
  16  0:47  Probe (Chrono Boost)  
  17  0:50  Assimilator  
  17  0:52  Probe (Chrono Boost)  
  18  1:04  Probe  
  19  1:16  Probe  
  20  1:27  Nexus  
  20  1:37  Cybernetics Core  
  20  1:40  Probe  
  21  1:49  Assimilator  
  21  1:52  Probe  
  22  1:56  Pylon  
  22  2:04  Probe  
  23  2:11  Adept (Chrono Boost)  
  25  2:16  Probe  
  25  2:19  Stargate  
  26  2:27  Warp Gate  
  26  2:29  Probe (Chrono Boost)  
  27  2:34  Adept  
  29  2:39  Probe (Chrono Boost)  
  31  2:46  Probe (Chrono Boost)  
  31  2:48  Probe (Chrono Boost)  
  32  2:53  Probe x2 (Chrono Boost)  
  34  3:00  Oracle (Chrono Boost)  
  34  3:05  Probe x2  
  39  3:12  Pylon  
  39  3:17  Probe x2  
  41  3:21  Gateway  
  41  3:27  Oracle (Chrono Boost)  
  41  3:29  Probe x2  
  46  3:41  Probe x2  
  47  3:48  Nexus  
  48  3:53  Probe x2 (Chrono Boost)  
  50  3:55  Pylon  
  50  4:05  Probe (Chrono Boost)  
  50  4:07  Assimilator  
  50  4:08  Assimilator  
  50  4:09  Pylon  
  52  4:11  Probe (Chrono Boost)  
  52  4:14  Probe (Chrono Boost)  
  52  4:16  Oracle  
  56  4:18  Probe (Chrono Boost)  
  56  4:19  Adept  
  60  4:26  Probe (Chrono Boost)  
  60  4:27  Probe (Chrono Boost)  
  61  4:32  Probe x2 (Chrono Boost)  
  61  4:35  Twilight Council  
  61  4:36  Forge  
  63  4:41  Robotics Facility  
  64  4:46  Probe (Chrono Boost)  
  64  4:48  Probe (Chrono Boost)  
  64  4:49  Shield Battery  
  65  4:57  Probe (Chrono Boost)  
  67  5:02  Charge, Probe (Chrono Boost)  
  67  5:03  Probe (Chrono Boost)  
  67  5:06  Protoss Ground Weapons Level 1 (Chrono Boost), Probe (Chrono Boost), Gateway  
  69  5:07  Gateway  
  69  5:10  Probe (Chrono Boost)  
  69  5:12  Probe (Chrono Boost)  
  72  5:14  Probe (Chrono Boost)  
  72  5:15  Probe (Chrono Boost)  
  72  5:21  Probe  
  74  5:24  Pylon, Probe  
  74  5:28  Templar Archives, Probe  
  76  5:30  Observer (Chrono Boost)  
  76  5:33  Probe  
  78  5:36  Probe  
  78  5:39  Assimilator  
  78  5:40  Probe, Assimilator  
  80  5:47  Immortal  
  80  5:48  Probe  
  84  5:50  Probe  
  84  5:54  Gateway  
  84  5:55  Gateway  
  85  5:57  Gateway  
  85  5:58  Photon Cannon, Probe  
  85  6:02  Psionic Storm  
  86  6:07  Zealot x2  
  86  6:09  Pylon x2  
  90  6:16  Gateway  
  90  6:20  Stalker  
  90  6:24  Pylon  
  92  6:27  Warp Prism  
  92  6:32  Zealot x3  
  92  6:45  High Templar  
  92  6:46  Probe  
  94  6:51  Nexus  
  94  6:54  Pylon  
  94  6:56  High Templar x5  
  94  7:00  Archon x2  
  104  7:03  Probe  
  104  7:04  Photon Cannon  
  104  7:05  Shield Battery  
  105  7:12  Protoss Ground Weapons Level 2 (Chrono Boost)  
  105  7:13  High Templar  
  107  7:15  Zealot  
  107  7:21  Photon Cannon, Gateway  
  107  7:22  Gateway  
  109  7:23  Photon Cannon, Pylon  
  109  7:24  Photon Cannon  
  109  7:35  Zealot x5  
  119  7:39  Pylon  
  119  7:48  High Templar, Zealot  
  119  7:49  Zealot  
  123  7:51  Photon Cannon  
  123  7:55  Immortal (Chrono Boost)  
  123  7:57  Pylon  
  123  7:59  Pylon  
  123  8:08  Probe x2  
  123  8:10  Probe, Assimilator  
  123  8:12  Photon Cannon  
  126  8:14  Assimilator  
  126  8:15  Probe  
  127  8:20  Probe  
  127  8:21  High Templar x4  
  127  8:26  Archon x2  
  136  8:27  Zealot x3  
  136  8:28  High Templar x2  
  136  8:29  Zealot  
  136  8:33  Pylon, Archon  
  136  8:34  Pylon, Immortal (Chrono Boost)  
  148  8:40  Pylon  
  152  8:50  Photon Cannon  
  152  8:52  Photon Cannon  
  150  8:56  Blink (Chrono Boost)  
  150  8:59  High Templar x2, Zealot  
  150  9:00  Zealot  
  158  9:08  Immortal  
  160  9:19  Stalker x4  
  160  9:20  Zealot x2  
  154  9:32  Zealot x3  
  143  9:50  High Templar x3, Zealot  
  143  9:51  Zealot x2  
  138  9:54  Archon  
  138  9:59  Zealot x3  
  120  10:08  Probe x3  
  120  10:09  Probe  
  108  10:21  High Templar x5  
  112  10:26  Archon x2  
  106  10:37  Zealot x3  
  102  10:46  Archon  
  102  10:48  Archon  
Show
View Real Time Build Order
Export as new Build Order

Scarlett Zerg 

Build Orders: Hatch First 

Get SALT Encoding   

  12  0:00  Drone  
  13  0:12  Overlord  
  13  0:17  Drone  
  14  0:31  Drone x2  
  16  0:43  Drone  
  17  0:51  Hatchery  
  17  0:55  Drone  
  17  0:59  Drone  
  18  1:11  Extractor  
  17  1:14  Spawning Pool  
  17  1:18  Drone  
  17  1:20  Drone  
  18  1:28  Drone  
  19  1:38  Drone  
  20  1:49  Overlord  
  20  2:00  Queen  
  22  2:04  Drone, Queen, Zergling x2  
  26  2:11  Drone  
  26  2:13  Metabolic Boost  
  26  2:15  Drone  
  28  2:23  Drone  
  28  2:27  Drone  
  30  2:35  Hatchery  
  29  2:41  Zergling x2  
  29  2:43  Drone  
  31  2:48  Queen  
  33  2:51  Overlord  
  33  2:59  Drone x3  
  35  3:14  Drone x7  
  35  3:18  Overlord  
  42  3:28  Spore Crawler, Queen  
  42  3:29  Overlord  
  43  3:36  Queen  
  45  3:42  Evolution Chamber  
  45  3:46  Drone x4  
  48  3:51  Queen  
  48  3:54  Overlord  
  50  3:59  Drone x3  
  53  4:08  Queen  
  55  4:11  Spore Crawler  
  55  4:12  Drone  
  55  4:14  Zerg Melee Weapons Level 1  
  55  4:18  Drone x4  
  55  4:22  Drone x2  
  58  4:34  Drone x8  
  66  4:42  Overlord  
  66  4:49  Drone x2, Hatchery  
  66  4:51  Overlord  
  67  4:58  Drone  
  67  4:59  Drone x4  
  69  5:05  Lair  
  69  5:06  Zergling x8  
  73  5:12  Roach Warren  
  72  5:17  Extractor x2  
  72  5:18  Drone  
  72  5:19  Drone x5  
  76  5:21  Queen  
  76  5:26  Drone x4  
  82  5:30  Extractor  
  82  5:31  Extractor  
  82  5:32  Overlord  
  80  5:35  Drone  
  80  5:36  Drone x4  
  85  5:45  Overlord  
  85  5:46  Overlord  
  85  5:48  Zergling x10  
  85  5:49  Overlord  
  89  5:50  Overlord  
  89  5:59  Overlord  
  89  6:04  Overseer  
  89  6:06  Queen x3  
  89  6:08  Drone x2  
  89  6:09  Drone  
  89  6:11  Extractor, Drone x3  
  99  6:14  Zerg Melee Weapons Level 2  
  99  6:21  Zergling x12  
  99  6:24  Glial Reconstitution  
  105  6:28  Baneling Nest, Zergling x4  
  105  6:34  Zergling x10  
  107  6:42  Drone  
  107  6:43  Drone x8  
  115  6:47  Drone x2  
  117  6:59  Spore Crawler  
  117  7:00  Drone  
  117  7:03  Hatchery  
  117  7:06  Drone x7  
  117  7:07  Spore Crawler, Overlord  
  117  7:08  Overlord  
  122  7:12  Centrifugal Hooks  
  120  7:17  Roach x2  
  120  7:18  Roach x2  
  125  7:36  Roach x2  
  125  7:37  Roach x8, Zergling x6  
  146  7:43  Zergling x2  
  146  7:44  Zergling x8  
  148  7:46  Pneumatized Carapace  
  148  7:54  Overlord x6  
  145  7:59  Overlord x3  
  144  8:08  Overlord x4  
  143  8:15  Zergling x16  
  151  8:30  Zerg Missile Weapons Level 1, Baneling x15  
  151  8:31  Baneling x4, Zergling x20  
  151  8:33  Zergling x4  
  163  8:43  Zergling x20  
  171  8:52  Baneling x8  
  171  8:59  Spore Crawler  
  169  9:02  Zergling x2  
  169  9:03  Zergling x28  
  169  9:06  Infestation Pit  
  151  9:17  Zergling x26  
  151  9:23  Baneling x4  
  151  9:24  Baneling x5  
  154  9:34  Zergling x30  
  167  9:39  Baneling x10  
  167  9:45  Zergling x14  
  164  9:46  Baneling x3  
  164  9:51  Roach x3  
  163  9:59  Roach x5  
  152  10:03  Roach x3  
  141  10:07  Ravager x3  
  141  10:10  Baneling x10  
  136  10:18  Roach x3  
  136  10:19  Roach x3  
  148  10:27  Roach x5  

Tags
 
Add a new tag
Caveats
  • Supply blocks, unpowered buildings, or Contaminate may cause inaccurate times.
  • Supply counts are checked every 10 seconds.